SKY
MILWAUKEE BREWERS @ INDIANAPOLIS IGNITION
09/27/2051
 
TOP OF THE 1ST
Milwaukee Brewers batting - Pitching for Indianapolis Ignition : RHP Axel Lloyd
Pitching: RHP Axel Lloyd
Batting: LHB Yandy Zamano 0-0: Ball
1-0: Ball
2-0: Foul Ball, location: 25F
2-1: Ball
3-1: Foul Ball, location: 7LMF
3-2: SINGLE (Flyball, 78M, EV 102.5 MPH)
Batting: LHB Samuel Vay 0-0: Ball
Yandy Zamano is caught stealing 2nd base 2-6
1-0: Foul Ball, location: 2F
1-1: Ball
2-1: SINGLE (Line Drive, 78S, EV 104.4 MPH)
Batting: RHB Clemente Simpson 0-0: Fielders Choice at 2nd, 4-6 (Groundball, 13, EV 88.8 MPH)
Batting: RHB Nick Hodge 0-0: Called Strike
0-1: Foul Ball, location: 2F
0-2: Strikes out looking
Top of the 1st over - 0 runs, 2 hits, 0 errors, 1 left on base; Milwaukee 0 - Indianapolis 0
BOTTOM OF THE 1ST
Indianapolis Ignition batting - Pitching for Milwaukee Brewers : LHP Gerardo Hernández
Pitching: LHP Gerardo Hernández
Batting: RHB Wendell Dominique 0-0: Ball
1-0: Foul Ball, location: 3SF
1-1: Swinging Strike
1-2: Strikes out looking
Batting: RHB Quincy Owens 0-0: Swinging Strike
0-1: Foul Ball, location: 25F
0-2: Strikes out swinging
Batting: RHB Jason Stafford 0-0: Called Strike
0-1: Foul Ball, location: 2LF
0-2: Strikes out looking
Bottom of the 1st over - 0 runs, 0 hits, 0 errors, 0 left on base; Milwaukee 0 - Indianapolis 0
TOP OF THE 2ND
Milwaukee Brewers batting - Pitching for Indianapolis Ignition : RHP Axel Lloyd
Batting: RHB Christopher Cazares 0-0: Ball
1-0: SINGLE (Groundball, 15, EV 92.5 MPH) (infield hit)
Batting: LHB Joshua Ragsdale 0-0: Ball
1-0: Sac Bunt to 3S - play at first, batter OUT! 3-1
Christopher Cazares to second
Batting: RHB Lucas Asher 0-0: Ball
1-0: Fly out, F8 (Flyball, 8RM, EV 97.5 MPH)
Batting: RHB Dan Martinez 0-0: Foul Ball, location: 23F
0-1: Ball
Wild Pitch!
Christopher Cazares to third
1-1: Foul Ball, location: 3SF
1-2: Strikes out swinging
Top of the 2nd over - 0 runs, 1 hit, 0 errors, 1 left on base; Milwaukee 0 - Indianapolis 0
BOTTOM OF THE 2ND
Indianapolis Ignition batting - Pitching for Milwaukee Brewers : LHP Gerardo Hernández
Batting: RHB Douglas Krauter 0-0: Ball
1-0: Called Strike
1-1: Foul Ball, location: 25FF
1-2: Foul Ball, location: 5FF
1-2: Strikes out swinging
Batting: SHB Benjamin Nang 0-0: Ball
1-0: Called Strike
1-1: Ball
2-1: Fly out, F5 (Popup, 5SF, EV 75.0 MPH)
Batting: RHB Michael Paul 0-0: Ball
1-0: Fly out, F8 (Flyball, 8RXD, EV 104.4 MPH)
Bottom of the 2nd over - 0 runs, 0 hits, 0 errors, 0 left on base; Milwaukee 0 - Indianapolis 0
TOP OF THE 3RD
Milwaukee Brewers batting - Pitching for Indianapolis Ignition : RHP Axel Lloyd
Batting: RHB Ricky Moran 0-0: Foul Ball, location: 3DF
0-1: Ball
1-1: Ball
2-1: Hit by Pitch
Batting: LHB Yandy Zamano 0-0: Bunted foul
0-1: Sac Bunt to 5S - play at first, batter OUT! 5-4
Ricky Moran to second
Batting: LHB Samuel Vay 0-0: Called Strike
0-1: Called Strike
0-2: Ball
1-2: Foul Ball, location: 2F
1-2: Foul Ball, location: 3F
1-2: Foul Ball, location: 2F
1-2: Ball
2-2: Foul Ball, location: 7LMF
2-2: Fly out, F3 (Popup, 23F, EV 83.8 MPH)
Batting: RHB Clemente Simpson 0-0: Called Strike
0-1: Ball
1-1: Swinging Strike
1-2: SINGLE (Groundball, 23, EV 71.3 MPH) (infield hit)
Ricky Moran to third
Batting: RHB Nick Hodge 0-0: Ball
1-0: Swinging Strike
1-1: Ball
2-1: Ball
3-1: Called Strike
3-2: Base on Balls
Clemente Simpson to second
Batting: RHB Christopher Cazares 0-0: Ball
1-0: Ball
2-0: Called Strike
2-1: Swinging Strike
2-2: Foul Ball, location: 2F
2-2: Strikes out swinging
Top of the 3rd over - 0 runs, 1 hit, 0 errors, 3 left on base; Milwaukee 0 - Indianapolis 0
BOTTOM OF THE 3RD
Indianapolis Ignition batting - Pitching for Milwaukee Brewers : LHP Gerardo Hernández
Batting: RHB Grayson Potts 0-0: Ball
1-0: Ball
2-0: Ball
3-0: Called Strike
3-1: Base on Balls
Batting: RHB Mark Brown 0-0: Fly out, F3 (Popup, 3SF, EV 63.8 MPH)
Batting: LHB E.J. Sadowski 0-0: Ball
1-0: Called Strike
1-1: Ball
2-1: Ball
3-1: Grounds into double play, 4-6-3 (Groundball, 4, EV 98.1 MPH)
Bottom of the 3rd over - 0 runs, 0 hits, 0 errors, 0 left on base; Milwaukee 0 - Indianapolis 0
TOP OF THE 4TH
Milwaukee Brewers batting - Pitching for Indianapolis Ignition : RHP Axel Lloyd
Batting: LHB Joshua Ragsdale 0-0: Ball
1-0: Swinging Strike
1-1: Ball
2-1: Ground out 1-3 (Groundball, 23, EV 68.8 MPH)
Batting: RHB Lucas Asher 0-0: Ball
1-0: SINGLE (Groundball, 2L, EV 68.1 MPH) (infield hit)
Batting: RHB Dan Martinez 0-0: Ball
1-0: Ball
2-0: SINGLE (Line Drive, 8LS, EV 91.9 MPH)
Lucas Asher to second
Runner from 2nd tries for 3rd, OUT! 8-5
Batting: RHB Ricky Moran 0-0: Fielders Choice at 2nd, 6-4 (Groundball, 6, EV 90.0 MPH)
Top of the 4th over - 0 runs, 2 hits, 0 errors, 1 left on base; Milwaukee 0 - Indianapolis 0
BOTTOM OF THE 4TH
Indianapolis Ignition batting - Pitching for Milwaukee Brewers : LHP Gerardo Hernández
Batting: RHB Wendell Dominique 0-0: Ball
1-0: Foul Ball, location: 2F
1-1: Foul Ball, location: 9LSF
1-2: Ball
2-2: Ball
3-2: Strikes out looking
Batting: RHB Quincy Owens 0-0: Called Strike
0-1: Foul Ball, location: 2F
0-2: Strikes out swinging
Batting: RHB Jason Stafford 0-0: SINGLE (Line Drive, 78S, EV 85.6 MPH)
Batting: RHB Douglas Krauter 0-0: Ball
1-0: Called Strike
1-1: DOUBLE (Flyball, 89D, EV 100.0 MPH)
Jason Stafford to third
Runner from 3rd tries for Home, SAFE, throw by RF to trailing runner, OUT at third! 9-3-5
Bottom of the 4th over - 1 run, 2 hits, 0 errors, 0 left on base; Milwaukee 0 - Indianapolis 1
TOP OF THE 5TH
Milwaukee Brewers batting - Pitching for Indianapolis Ignition : RHP Axel Lloyd
Pitching: RHP Broadway Ward
Batting: LHB Yandy Zamano 0-0: Ball
1-0: Called Strike
1-1: Ground out 5-3 (Groundball, 56S, EV 82.5 MPH)
Batting: LHB Samuel Vay 0-0: Ground out 4-3 (Groundball, 34, EV 106.9 MPH)
Batting: RHB Clemente Simpson 0-0: Swinging Strike
0-1: Ball
1-1: Called Strike
1-2: Ball
2-2: SINGLE (Line Drive, 7S, EV 100.6 MPH)
Batting: RHB Nick Hodge 0-0: Ball
1-0: Called Strike
1-1: Ball
2-1: Ball
3-1: Foul Ball, location: 9LMF
3-2: Foul Ball, location: 2F
3-2: Ground out 5-3 (Groundball, 56S, EV 80.6 MPH)
Top of the 5th over - 0 runs, 1 hit, 0 errors, 1 left on base; Milwaukee 0 - Indianapolis 1
BOTTOM OF THE 5TH
Indianapolis Ignition batting - Pitching for Milwaukee Brewers : LHP Gerardo Hernández
Batting: SHB Benjamin Nang 0-0: Ball
1-0: Foul Ball, location: 2LF
1-1: Ball
2-1: Ball
3-1: Foul Ball, location: 9LDF
3-2: Foul Ball, location: 3SF
3-2: Fly out, F7 (Flyball, 78S, EV 100.0 MPH)
Batting: RHB Michael Paul 0-0: Called Strike
0-1: SINGLE (Flyball, 8LS, EV 96.3 MPH)
Batting: RHB Grayson Potts 0-0: SINGLE (Line Drive, 8RS, EV 92.5 MPH)
Michael Paul to second
Runner from 2nd tries for 3rd, SAFE, throw by CF made to third
Batting: RHB Mark Brown 0-0: Ball
1-0: Foul Ball, location: 2RF
1-1: Ball
2-1: Ball
3-1: Called Strike
3-2: Foul Ball, location: 2F
3-2: Strikes out swinging
Batting: LHB E.J. Sadowski 0-0: Called Strike
0-1: Ball
1-1: SINGLE (Line Drive, 8RS, EV 91.3 MPH)
Michael Paul scores
Grayson Potts to second
Runner from 2nd tries for 3rd, SAFE, no throw by CF
Batting: RHB Wendell Dominique 0-0: Ball
1-0: Ball
2-0: Foul Ball, location: 25FF
2-1: Foul Ball, location: 5SF
2-2: Foul Ball, location: 9LDF
2-2: Ball
3-2: Fly out, F7 (Flyball, 7D, EV 86.3 MPH)
Bottom of the 5th over - 1 run, 3 hits, 0 errors, 2 left on base; Milwaukee 0 - Indianapolis 2
TOP OF THE 6TH
Milwaukee Brewers batting - Pitching for Indianapolis Ignition : RHP Broadway Ward
Batting: RHB Christopher Cazares 0-0: Called Strike
0-1: Hit by Pitch
Batting: LHB Joshua Ragsdale 0-0: Ball
1-0: Foul Ball, location: 2F
1-1: Fielders Choice at 2nd, 3-6 (Groundball, 3, EV 88.8 MPH)
Batting: RHB Lucas Asher 0-0: Swinging Strike
0-1: Foul Ball, location: 2F
0-2: Foul Ball, location: 7LSFF
0-2: Ball
1-2: DOUBLE (Flyball, 8LXD, EV 98.1 MPH)
Joshua Ragsdale to third
Runner from 3rd tries for Home, SAFE, throw by CF to home
Pinch Hitting: LHB Goachino Borboa 0-0: Ground out 4-3 (Groundball, 4S, EV 69.4 MPH)
Lucas Asher to third
Batting: RHB Ricky Moran 0-0: Called Strike
0-1: Foul Ball, location: 9LDF
0-2: SINGLE (Line Drive, 9S, EV 109.4 MPH)
Lucas Asher scores
Batting: LHB Yandy Zamano 0-0: SINGLE (Line Drive, 8RS, EV 108.8 MPH)
Ricky Moran to second
Batting: LHB Samuel Vay 0-0: Ball
1-0: Swinging Strike
1-1: Ball
2-1: Foul Ball, location: 2F
2-2: Foul Ball, location: 2F
2-2: Ground out 4-3 (Groundball, 4, EV 100.6 MPH)
Top of the 6th over - 2 runs, 3 hits, 0 errors, 2 left on base; Milwaukee 2 - Indianapolis 2
BOTTOM OF THE 6TH
Indianapolis Ignition batting - Pitching for Milwaukee Brewers : LHP Gerardo Hernández
Now at SS: Catón Abreu
Batting: RHB Quincy Owens 0-0: Called Strike
0-1: Called Strike
0-2: Ball
1-2: Strikes out looking
Batting: RHB Jason Stafford 0-0: Called Strike
0-1: Ball
1-1: Foul Ball, location: 2F
1-2: Ball
2-2: Foul Ball, location: 2F
2-2: Strikes out looking
Batting: RHB Douglas Krauter 0-0: Ball
1-0: Hit by Pitch
Batting: SHB Benjamin Nang 0-0: Swinging Strike
0-1: Foul Ball, location: 2F
0-2: Ball
1-2: Ball
2-2: Strikes out looking
Bottom of the 6th over - 0 runs, 0 hits, 0 errors, 1 left on base; Milwaukee 2 - Indianapolis 2
TOP OF THE 7TH
Milwaukee Brewers batting - Pitching for Indianapolis Ignition : RHP Broadway Ward
Batting: RHB Clemente Simpson 0-0: Ball
1-0: Ball
2-0: Ball
3-0: Called Strike
3-1: Called Strike
3-2: Strikes out swinging
Batting: RHB Nick Hodge 0-0: Ball
1-0: Called Strike
1-1: Called Strike
1-2: Foul Ball, location: 3SF
1-2: Fly out, F7 (Flyball, 7LS, EV 85.0 MPH)
Batting: RHB Christopher Cazares 0-0: Ball
1-0: Called Strike
1-1: SOLO HOME RUN (Flyball, 7D, EV 100.0 MPH), Distance : 391 ft
Pitching: RHP Brian Riley
Batting: LHB Joshua Ragsdale 0-0: Ball
1-0: Foul Ball, location: 2LF
1-1: Ball
2-1: Foul Ball, location: 7LMF
2-2: Strikes out swinging
Top of the 7th over - 1 run, 1 hit, 0 errors, 0 left on base; Milwaukee 3 - Indianapolis 2
BOTTOM OF THE 7TH
Indianapolis Ignition batting - Pitching for Milwaukee Brewers : LHP Gerardo Hernández
Batting: RHB Michael Paul 0-0: Ball
1-0: Ball
2-0: Fly out, F7 (Flyball, 78M, EV 86.3 MPH)
Batting: RHB Grayson Potts 0-0: SINGLE (Groundball, 56D, EV 105.0 MPH)
Batting: RHB Mark Brown 0-0: Ball
1-0: Fly out, F8 (Flyball, 8LM, EV 91.9 MPH)
Pinch Hitting: RHB Tom Carter 0-0: Called Strike
0-1: Swinging Strike
0-2: SINGLE (Groundball, 34D, EV 105.6 MPH)
Grayson Potts to second
Runner from 2nd tries for 3rd, SAFE, no throw by RF
Batting: RHB Wendell Dominique 0-0: Called Strike
0-1: Ball
1-1: DOUBLE (Flyball, 8RXD, EV 93.8 MPH)
Grayson Potts scores
Tom Carter to third
Batting: RHB Quincy Owens 0-0: Ball
1-0: Foul Ball, location: 2F
1-1: Ball
2-1: Foul Ball, location: 2RF
2-2: 3-RUN HOME RUN (Flyball, 8RXD, EV 107.5 MPH), Distance : 432 ft
Pitching: RHP Cooper Reilly
Batting: RHB Jason Stafford 0-0: Ball
1-0: Ball
2-0: Called Strike
2-1: Ball
3-1: SINGLE (Groundball, 6, EV 86.9 MPH)
Batting: RHB Douglas Krauter 0-0: Called Strike
0-1: Ball
1-1: Fly out, F6 (Popup, 6, EV 59.4 MPH)
Bottom of the 7th over - 4 runs, 5 hits, 0 errors, 1 left on base; Milwaukee 3 - Indianapolis 6
TOP OF THE 8TH
Milwaukee Brewers batting - Pitching for Indianapolis Ignition : RHP Brian Riley
Now in CF: Belero Aguilar
Batting: RHB Lucas Asher 0-0: Ball
1-0: Swinging Strike
1-1: Ball
2-1: SINGLE (Line Drive, 9LS, EV 102.5 MPH)
Pinch Hitting: SHB Darling Conkle 0-0: Called Strike
0-1: Swinging Strike
0-2: Strikes out swinging
Batting: RHB Ricky Moran 0-0: Called Strike
0-1: Called Strike
0-2: Strikes out swinging
Batting: LHB Yandy Zamano 0-0: Ball
1-0: Called Strike
1-1: Ground out 4-3 (Groundball, 4, EV 83.1 MPH)
Top of the 8th over - 0 runs, 1 hit, 0 errors, 1 left on base; Milwaukee 3 - Indianapolis 6
BOTTOM OF THE 8TH
Indianapolis Ignition batting - Pitching for Milwaukee Brewers : RHP Cooper Reilly
Now at SS: Lucas Asher
Now in LF: Darling Conkle
Batting: SHB Benjamin Nang 0-0: Ball
1-0: Ball
2-0: Called Strike
2-1: Called Strike
2-2: Ball
3-2: Foul Ball, location: 2RF
3-2: Base on Balls
Batting: RHB Michael Paul 0-0: Called Strike
0-1: Ball
1-1: Fly out, F8 (Flyball, 8RXD, EV 89.4 MPH)
Batting: RHB Grayson Potts 0-0: Foul Ball, location: 2F
0-1: Swinging Strike
0-2: Strikes out swinging
Batting: RHB Mark Brown 0-0: Fly out, F7 (Flyball, 78D, EV 96.9 MPH)
Bottom of the 8th over - 0 runs, 0 hits, 0 errors, 1 left on base; Milwaukee 3 - Indianapolis 6
TOP OF THE 9TH
Milwaukee Brewers batting - Pitching for Indianapolis Ignition : RHP Brian Riley
Batting: LHB Samuel Vay 0-0: Ball
1-0: Ground out 6-3 (Groundball, 6, EV 108.1 MPH)
Batting: RHB Clemente Simpson 0-0: SINGLE (Line Drive, 78S, EV 85.0 MPH)
Batting: RHB Nick Hodge 0-0: Ball
1-0: Called Strike
1-1: Ball
2-1: Fly out, F8 (Flyball, 8LM, EV 95.0 MPH)
Batting: RHB Christopher Cazares 0-0: 2-RUN HOME RUN (Flyball, 7D, EV 93.1 MPH), Distance : 366 ft
Batting: LHB Joshua Ragsdale 0-0: SINGLE (Line Drive, 7LM, EV 108.8 MPH)
Batting: RHB Lucas Asher 0-0: Foul Ball, location: 3F
0-1: Fly out, F9 (Flyball, 9LM, EV 91.3 MPH)
Top of the 9th over - 2 runs, 3 hits, 0 errors, 1 left on base; Milwaukee 5 - Indianapolis 6
Sunday, March 31st , 2024 - OOTP Baseball 24.11 Build 85